[Event "Montcalm op"]
[Site "Quebec CAN"]
[Date "2003.01.10"]
[Round "1"]
[White "Lemay, Hugo"]
[Black "Blais, Georges"]
[Result "0-1"]
[ECO "B06"]
[WhiteElo "1323"]
[BlackElo "1648"]
[PlyCount "66"]
[EventDate "2003.01.10"]
[EventType "swiss"]
[EventRounds "5"]
[EventCountry "CAN"]
[TimeControl "30/90:0"]

1. e4 g6 2. Nf3 Bg7 3. d4 c6 4. Bc4 d5 5. exd5 cxd5 6. Bb3 Nf6 7. O-O O-O 8.
Re1 Nc6 9. Be3 Na5 10. Nbd2 Nxb3 11. Nxb3 b6 12. Qd2 Ne4 13. Qc1 Re8 14. Ng5
Nd6 15. Nd2 Nf5 16. Ngf3 Nxe3 17. Rxe3 Bg4 18. c4 dxc4 19. Qxc4 Rc8 20. Qa4 Rc7
21. h3 Bf5 22. Rae1 Bh6 23. Re5 Kf8 24. g4 Bc2 25. Qb4 Bf4 26. Rc1 Bxe5 27.
dxe5 Qd5 28. Nd4 Rec8 29. Nb5 Rd7 30. Nb3 Rc4 31. Nc3 Qd3 32. Qb5 Bxb3 33. axb3
Rxc3 0-1